Map: King Sejong Station LE

Players

Ketzemoth

  • Race: Protoss Protoss
  • League: Silver

Gracz - Winner!

  • Race: Protoss Protoss
  • League: Silver

VOD

Have the link to the VOD?

Description

Time

  • Played on: Sept. 30, 2016, 2:46 p.m.
  • Length: 17:24
Show
View Real Time Build Order
Export as new Build Order

Ketzemoth Protoss 

Build Orders:  

Get SALT Encoding   

  12  0:12  Probe (Chrono Boost)  
  13  0:23  Probe (Chrono Boost)  
  13  0:26  Pylon  
  14  0:34  Probe (Chrono Boost)  
  15  0:44  Probe (Chrono Boost)  
  16  0:50  Gateway  
  16  0:55  Probe (Chrono Boost)  
  17  1:00  Assimilator  
  17  1:05  Probe (Chrono Boost)  
  18  1:16  Probe (Chrono Boost)  
  19  1:26  Probe (Chrono Boost)  
  19  1:32  Assimilator  
  20  1:38  Cybernetics Core  
  20  1:48  Gateway  
  20  2:07  Nexus  
  20  2:09  Assimilator  
  20  2:14  Warp Gate, Probe (Chrono Boost)  
  20  2:21  Pylon  
  20  2:28  Mothership Core (Chrono Boost)  
  22  2:58  Twilight Council  
  22  3:03  Pylon  
  22  3:07  Probe (Chrono Boost)  
  25  3:12  Adept  
  25  3:18  Adept  
  25  3:19  Probe (Chrono Boost)  
  28  3:31  Probe x2 (Chrono Boost)  
  30  3:34  Resonating Glaives  
  30  3:37  Assimilator  
  30  3:42  Probe (Chrono Boost)  
  30  3:44  Probe (Chrono Boost)  
  30  3:46  Adept  
  35  3:56  Probe (Chrono Boost)  
  35  4:09  Probe (Chrono Boost)  
  37  4:11  Probe (Chrono Boost)  
  37  4:18  Gateway  
  37  4:20  Probe (Chrono Boost)  
  37  4:23  Probe (Chrono Boost)  
  39  4:24  Robotics Facility  
  39  4:52  Adept  
  41  4:53  Adept  
  43  5:03  Mothership Core (Chrono Boost)  
  43  5:06  Assimilator  
  43  5:13  Observer  
  43  5:18  Adept x2  
  47  5:29  Probe (Chrono Boost)  
  47  5:31  Probe (Chrono Boost)  
  49  5:39  Probe (Chrono Boost)  
  49  5:42  Nexus  
  51  5:43  Probe (Chrono Boost)  
  51  5:44  Pylon  
  51  5:45  Pylon  
  51  5:48  Assimilator  
  52  5:55  Probe (Chrono Boost)  
  48  5:58  Mothership Core (Chrono Boost)  
  48  6:03  Stalker x3  
  56  6:28  Probe (Chrono Boost)  
  56  6:29  Probe (Chrono Boost)  
  58  6:39  Probe (Chrono Boost)  
  59  6:42  Warp Prism, Probe (Chrono Boost)  
  62  6:49  Probe (Chrono Boost)  
  62  6:54  Probe (Chrono Boost)  
  60  7:00  Probe (Chrono Boost)  
  57  7:09  Stalker x3  
  61  7:21  Blink  
  61  7:40  Stalker x3  
  67  7:54  Probe (Chrono Boost)  
  67  7:56  Probe (Chrono Boost)  
  67  7:57  Probe (Chrono Boost)  
  70  8:05  Probe (Chrono Boost)  
  71  8:06  Dark Shrine, Probe (Chrono Boost)  
  71  8:09  Probe (Chrono Boost)  
  71  8:11  Robotics Facility  
  73  8:15  Probe (Chrono Boost)  
  73  8:17  Probe (Chrono Boost)  
  75  8:21  Probe (Chrono Boost)  
  75  8:25  Pylon  
  75  8:26  Probe (Chrono Boost)  
  76  8:30  Pylon  
  76  8:32  Pylon  
  76  8:33  Assimilator  
  76  8:37  Pylon  
  76  9:09  Probe x2 (Chrono Boost)  
  79  9:10  Probe (Chrono Boost)  
  79  9:19  Gateway  
  79  9:20  Probe x2 (Chrono Boost)  
  79  9:21  Gateway  
  79  9:22  Probe (Chrono Boost)  
  82  9:24  Gateway  
  82  9:28  Pylon  
  82  9:29  Gateway  
  82  9:30  Probe (Chrono Boost)  
  83  9:34  Probe (Chrono Boost), Cybernetics Core  
  83  9:38  Robotics Bay  
  84  9:42  Probe x2 (Chrono Boost)  
  87  9:46  Assimilator, Probe (Chrono Boost)  
  87  9:52  Probe (Chrono Boost)  
  88  9:53  Probe (Chrono Boost)  
  83  10:20  Probe (Chrono Boost)  
  82  10:23  Charge  
  82  10:25  Templar Archives  
  80  10:30  Stalker x4  
  80  10:31  Stalker x2  
  80  10:32  Stalker  
  94  10:40  Immortal  
  98  10:43  Pylon  
  98  10:46  Observer  
  99  10:51  Forge  
  99  10:57  Forge  
  99  11:00  Probe (Chrono Boost)  
  99  11:02  Probe (Chrono Boost)  
  101  11:08  Observer  
  102  11:19  Observer  
  103  11:35  Protoss Ground Weapons Level 1  
  103  11:36  Nexus  
  103  11:37  Pylon  
  103  11:38  Protoss Shields Level 1, Pylon  
  103  11:46  Warp Prism  
  105  11:56  Warp Prism  
  107  12:04  Dark Templar  
  107  12:05  Dark Templar  
  107  12:06  High Templar x4  
  107  12:07  High Templar  
  121  12:18  Probe (Chrono Boost)  
  121  12:20  Probe (Chrono Boost), Gravitic Drive  
  123  12:41  Pylon  
  123  12:43  Pylon  
  123  12:44  Dark Templar x5  
  133  13:11  Adept x2  
  137  13:14  Protoss Ground Armor Level 1  
  137  13:17  Adept  
  137  13:18  Observer Gravitic Boosters  
  139  13:45  Dark Templar  
  139  13:46  Dark Templar x3  
  137  14:15  Archon x2  
  115  14:22  Stalker x2  
  115  14:23  Stalker x4  
  115  14:24  Stalker  
  116  14:36  Archon x2  
  116  14:37  Archon x3  
  101  14:44  Mothership Core (Chrono Boost)  
  76  15:02  Stalker x3  
  76  15:06  Probe (Chrono Boost)  
  85  15:07  Probe x2 (Chrono Boost)  
  85  15:11  Assimilator  
  85  15:19  Probe (Chrono Boost)  
  85  15:20  Assimilator  
  86  15:24  Assimilator  
  86  15:31  Probe (Chrono Boost)  
  77  15:40  Probe (Chrono Boost)  
  79  15:43  Probe (Chrono Boost)  
  79  15:55  Probe (Chrono Boost)  
  81  15:57  Probe (Chrono Boost)  
  81  15:59  Probe (Chrono Boost)  
  86  16:25  Probe x2 (Chrono Boost)  
  86  16:27  Probe x2 (Chrono Boost)  
  86  16:36  Probe x2 (Chrono Boost)  
  86  16:39  Probe x2 (Chrono Boost)  
  52  16:57  Pylon  
  52  17:15  High Templar x4  
Show
View Real Time Build Order
Export as new Build Order

Gracz Protoss - Winner!

Build Orders:  

Get SALT Encoding   

  12  0:02  Probe (Chrono Boost)  
  13  0:14  Pylon  
  13  0:34  Gateway  
  13  0:40  Gateway  
  13  0:46  Assimilator  
  13  0:52  Probe (Chrono Boost)  
  14  1:02  Probe (Chrono Boost)  
  15  1:11  Pylon  
  15  1:13  Probe (Chrono Boost)  
  16  1:23  Probe (Chrono Boost)  
  17  1:29  Pylon  
  17  1:34  Probe (Chrono Boost)  
  18  1:44  Probe (Chrono Boost)  
  19  1:49  Pylon  
  19  1:51  Zealot  
  19  1:54  Zealot  
  23  2:33  Cybernetics Core  
  23  2:37  Gateway  
  23  2:45  Zealot  
  25  2:58  Nexus  
  25  3:11  Stargate  
  25  3:14  Stargate  
  25  3:22  Assimilator  
  25  3:23  Probe (Chrono Boost)  
  27  3:41  Probe (Chrono Boost)  
  27  3:53  Probe (Chrono Boost)  
  28  4:05  Probe (Chrono Boost), Void Ray  
  33  4:12  Probe (Chrono Boost)  
  35  4:18  Stalker, Probe (Chrono Boost)  
  35  4:23  Probe (Chrono Boost)  
  38  4:30  Probe (Chrono Boost)  
  39  4:33  Probe (Chrono Boost)  
  39  4:42  Probe (Chrono Boost)  
  39  4:53  Warp Gate  
  39  5:14  Probe (Chrono Boost)  
  41  5:15  Probe (Chrono Boost)  
  41  5:17  Void Ray  
  41  5:18  Void Ray  
  49  5:24  Probe (Chrono Boost)  
  49  5:27  Probe (Chrono Boost)  
  51  5:35  Probe (Chrono Boost)  
  52  5:39  Probe (Chrono Boost)  
  53  5:45  Probe (Chrono Boost)  
  54  6:21  Void Ray x2  
  62  6:35  Pylon  
  62  6:36  Assimilator  
  62  6:41  Assimilator  
  62  6:43  Pylon  
  62  6:46  Pylon  
  62  6:51  Pylon  
  62  6:53  Probe (Chrono Boost)  
  64  6:55  Pylon, Probe (Chrono Boost)  
  64  7:07  Probe (Chrono Boost)  
  65  7:28  Void Ray  
  65  7:29  Void Ray  
  73  7:31  Probe (Chrono Boost)  
  73  7:33  Probe (Chrono Boost)  
  75  7:42  Probe (Chrono Boost)  
  77  7:45  Probe (Chrono Boost)  
  77  7:48  Stargate  
  77  7:52  Probe (Chrono Boost)  
  77  7:57  Probe (Chrono Boost), Twilight Council  
  79  8:03  Mothership Core (Chrono Boost)  
  81  8:37  Gateway  
  81  8:38  Gateway  
  81  8:54  Nexus  
  81  8:55  Pylon, Protoss Air Weapons Level 1  
  81  8:57  Pylon  
  81  8:58  Probe (Chrono Boost)  
  81  9:00  Probe (Chrono Boost)  
  81  9:01  Pylon  
  83  9:04  Pylon  
  83  9:06  Stalker  
  83  9:07  Stalker x2  
  83  9:09  Probe (Chrono Boost)  
  90  9:11  Assimilator  
  90  9:12  Probe (Chrono Boost)  
  91  9:17  Assimilator, Cybernetics Core  
  91  9:23  Pylon  
  91  9:25  Pylon  
  91  9:27  Pylon  
  91  9:28  Pylon  
  91  9:30  Forge  
  91  9:31  Forge  
  91  9:33  Forge, Pylon  
  91  9:37  Void Ray x3  
  89  10:21  Probe (Chrono Boost)  
  89  10:29  Stalker  
  89  10:30  Stalker x2  
  89  10:33  Probe (Chrono Boost)  
  89  10:34  Protoss Ground Weapons Level 1, Protoss Ground Armor Level 1, Protoss Shields Level 1  
  96  10:40  Blink  
  96  10:43  Protoss Air Armor Level 1  
  96  10:44  Probe x2 (Chrono Boost)  
  96  10:46  Probe (Chrono Boost)  
  99  10:56  Probe x2 (Chrono Boost)  
  102  10:58  Probe (Chrono Boost)  
  102  11:02  Fleet Beacon  
  102  11:10  Stalker x3, Probe (Chrono Boost)  
  102  11:11  Stalker  
  111  11:22  Probe (Chrono Boost)  
  112  11:46  Void Ray x3  
  120  11:51  Probe x2 (Chrono Boost)  
  127  11:54  Probe (Chrono Boost)  
  127  11:58  Stalker  
  129  12:18  Probe (Chrono Boost)  
  130  12:23  Void Ray x2  
  130  12:26  Void Ray  
  139  12:30  Probe (Chrono Boost)  
  143  12:41  Stalker x2  
  143  12:42  Probe (Chrono Boost)  
  148  12:54  Probe (Chrono Boost)  
  148  12:56  Protoss Ground Weapons Level 2, Protoss Ground Armor Level 2  
  149  13:08  Probe x2 (Chrono Boost)  
  149  13:09  Probe (Chrono Boost)  
  149  13:10  Protoss Air Weapons Level 2  
  152  13:15  Stalker x4  
  152  13:17  Protoss Air Armor Level 2  
  161  13:20  Probe (Chrono Boost)  
  161  13:40  Stalker  
  163  13:42  Stalker  
  157  14:53  Void Ray  
  157  14:58  Void Ray x2  
  169  15:06  Stalker x3  
  175  15:09  Stalker  
  177  15:30  Void Ray  
  177  15:39  Void Ray x2  
  189  15:57  Nexus  
  189  15:59  Pylon  
  189  16:03  Pylon  
  189  16:07  Assimilator  
  189  16:11  Assimilator  
  189  16:16  Void Ray  
Tags
 
Add a new tag
Caveats
  • Supply blocks, unpowered buildings, or Contaminate may cause inaccurate times.
  • Supply counts are checked every 10 seconds.